 Dungeon Crawl Stone Soup version 0.30-a0-1094-g860fb061e7 (webtiles) character file.

Game seed: 10743317881030549252

124764 demibob the Necromancer (level 16, -4/135 (138) HPs)
             Began as a Demonspawn Gladiator on Apr 17, 2023.
             Was an Initiate of Gozag.
             Slain by a salamander
             ... wielding a +0 halberd
              (14 damage)
             ... on level 2 of the Snake Pit.
             The game lasted 00:59:05 (32949 turns).

demibob the Necromancer (Demonspawn Gladiator)     Turns: 32949, Time: 00:59:05

HP:   -4/135 (138)  AC: 13    Str: 17    XL:     16   Next: 40%
MP:   21/26         EV: 23    Int: 15    God:    Gozag
Gold: 2546          SH: 10    Dex: 15    Spells: 16/28 levels left

rFire   . . .      SeeInvis +    a - +0 trident (pain)
rCold   + + +      Faith    .    K - +0 buckler
rNeg    . . .      Spirit   .    O - +4 skin of Zhor {*Englaciate rC+++ SInv}
rPois   +          Reflect  +    I - +0 helmet
rElec   .          Rampage  .    l - +0 cloak of Love and Death {Stlth+}
rCorr   .                        (gloves unavailable)
Will    +....                    G - +0 pair of boots
Stlth   ++                       V - amulet of reflection
HPRegen 0.42/turn                e - +8 ring of evasion
MPRegen 0.20/turn                P - ring of poison resistance

@: weakened, very slightly contaminated, lightly drained, invisible
A: claws 3, rugged brown scales 3, spiny 2, demonic magic 3
a: Renounce Religion, Potion Petition, Call Merchant, Bribe Branch


You were on level 2 of the Snake Pit.
You worshipped Gozag.
Gozag was most pleased with you.
You visited 5 branches of the dungeon, and saw 25 of its levels.

You collected 8919 gold pieces.
You spent 1764 gold pieces at shops.
You paid 4609 gold pieces to Gozag.


Innate Abilities, Weirdness & Mutations

You have claws for hands.
You are completely covered in rugged brown scales. (AC +3, +7% HP)
You are mostly covered in sharp spines.
Spells you cast and wands you use may paralyse nearby enemies.


   Skills:
 + Level 12.5 Fighting
 - Level 13.8 Polearms
 - Level 1.7 Throwing
 - Level 8.3 Armour
 - Level 7.2 Dodging
 - Level 5.2 Shields
 - Level 6.8 Spellcasting
 + Level 15.6 Necromancy
 - Level 3.0 Transmutations
 - Level 11.2 Evocations


You had 16 spell levels left.
You knew the following spells:

 Your Spells              Type           Power      Damage    Failure   Level
d - Death Channel         Necr           25%        N/A       4%          6
n - Dispel Undead         Necr           51%        3d19      1%          4
w - Wereblood             Tmut           14%        N/A       8%          2

Your spell library contained the following spells:

 Spells                   Type           Power      Damage    Failure   Level
 Sublimation of Blood     Necr           51%        N/A       1%          2
 Vampiric Draining        Necr           51%        2d9       1%          3
 Cigotuvi's Dreadful Rot  Necr/Pois/Air  40%        N/A       3%          2
 Passwall                 Tmut/Erth      7%         N/A       14%         2
 Apportation              Tloc           10%        N/A       17%         1
 Slow                     Hex            20%        N/A       17%         1
 Borgnjor's Vile Clutch   Necr/Erth      14%        N/A       19%         5
 Ensorcelled Hibernation  Hex/Ice        10%        N/A       26%         2
 Scorch                   Fire           10%        2d5       26%         2
 Ignite Poison            Fire/Tmut/Pois 8%         N/A       34%         3
 Confusing Touch          Hex            5%         N/A       45%         3
 Frozen Ramparts          Ice            10%        1d2       45%         3
 Hailstorm                Conj/Ice       5%         3d4       45%         3
 Inner Flame              Hex/Fire       5%         N/A       45%         3
 Summon Guardian Golem    Hex/Summ       5%         N/A       45%         3
 Swiftness                Air            5%         N/A       45%         3
 Ice Form                 Ice/Tmut       9%         N/A       67%         4
 Petrify                  Tmut/Erth      9%         N/A       67%         4
 Cause Fear               Hex            2%         N/A       86%         4
 Flame Wave               Conj/Fire      5%         2d5       86%         4
 Manifold Assault         Tloc           5%         N/A       86%         4
 Sticky Flame             Conj/Fire      5%         2d3       86%         4
 Summon Ice Beast         Ice/Summ       5%         N/A       86%         4
 Alistair's Intoxication  Tmut/Pois      6%         N/A       95%         5
 Irradiate                Conj/Tmut      4%         3d13      95%         5
 Fireball                 Conj/Fire      2%         3d4       99%         5
 Freezing Cloud           Conj/Ice/Air   2%         6-21      99%         5
 Dispersal                Tloc           2%         N/A       100%        6
 Eringya's Noxious Bog    Tmut/Pois      4%         N/A       100%        6
 Statue Form              Tmut/Erth      6%         N/A       100%        6
 Dragon Form              Tmut           7%         N/A       100%        7
 Orb of Destruction       Conj           2%         9d5       100%        7
 Spellforged Servitor     Conj/Summ      2%         N/A       100%        7
 Summon Hydra             Summ           2%         N/A       100%        7
 Disjunction              Tloc           2%         N/A       100%        8
 Dragon's Call            Summ           2%         N/A       100%        9
 Simulacrum               Ice/Necr       Unusable   N/A       N/A         6

Inventory:

Hand Weapons
 a - a +0 trident of pain (weapon)
 b - a +1 trident of venom
 j - a +1 halberd
Missiles
 d - 2 throwing nets (quivered) {=f}
Armour
 l - the +0 cloak of Love and Death (worn) {Stlth+}
   (You found it on level 2 of the Dungeon)

   Stlth:     It makes you more stealthy.
 G - a +0 pair of boots (worn)
 I - a +0 helmet (worn)
 K - a +0 buckler (worn)
 O - the +4 skin of Zhor (worn) {*Englaciate rC+++ SInv}
   (You found it on level 5 of the Lair of Beasts)

   *Englaciate: It radiates cold, occasionally slowing all nearby creatures who
   are not resistant to cold.
   rC:        It renders you almost immune to cold.
   SInv:      It lets you see invisible.
Magical Staves
 h - a staff of conjuration {!a}
 y - a staff of death {!a}
Jewellery
 c - a ring of ice
 e - a +8 ring of evasion (left claw)
 k - the ring "Moas" {rElec rC++ Int+6}
   (You took it off an ogre mage on level 13 of the Dungeon)

   [ring of intelligence]

   Int:       It affects your intelligence (+6).
   rC:        It greatly protects you from cold.
   rElec:     It insulates you from electricity.
 n - a ring of positive energy
 v - a ring of see invisible
 z - a ring of wizardry
 C - a ring of protection from cold
 E - a +5 ring of evasion
 L - a ring of flight
 N - a ring of positive energy
 P - a ring of poison resistance (right claw)
 V - an amulet of reflection (around neck)
 Z - a ring of wizardry
Wands
 u - a wand of polymorph (12)
 A - a wand of roots (5)
 J - a wand of paralysis (15)
 T - a wand of flame (19)
 W - a wand of mindburst (6)
Scrolls
 g - 4 scrolls of teleportation {@r2}
 m - 10 scrolls of identify {@r1}
 p - 3 scrolls of silence {!r}
 q - 6 scrolls of magic mapping
 F - 4 scrolls of amnesia
 H - 2 scrolls of enchant weapon
 M - 2 scrolls of fog
 R - a scroll of brand weapon
 S - a scroll of enchant armour
Potions
 f - 4 potions of attraction
 i - 2 potions of cancellation
 o - 4 potions of lignification
 r - 5 potions of brilliance
 s - 3 potions of mutation
 w - 2 potions of magic
 x - a potion of haste {@q3}
 B - 6 potions of resistance
 Q - 3 potions of ambrosia
 U - 6 potions of flight

Dungeon Overview and Level Annotations

Branches:
Dungeon (15/15)            Temple (1/1) D:7            Lair (5/5) D:10
 Shoals (0/4) Lair:2        Snake (2/4) Lair:2        Slime (0/5) Lair:4
    Orc (2/2) D:12            Elf (0/3) Orc:2        Vaults (0/5) D:13
 Depths (0/4) D:15

Altars:
Ashenzari
Cheibriados
Gozag
Hepliaklqana
Kikubaaqudgha
Makhleb
Nemelex Xobeh
Qazlal
Ru
Sif Muna
Uskayaw
Vehumet
Wu Jian
Xom
Yredelemnul

Shops:
D:2 =   D:10 [((   D:12 (=   Orc:2 :(*([

Portals:
Abyss: D:10

Annotations:
D:10 2 transporters, epsilonplus's ghost, novice TeRe
Lair:3 3 runed translucent doors, jasper's ghost, journeyman DECj

####.)....## ....
#.##.......## ......
#..#....##..##
.......
#......##....#
.#....###.....#....##
......##..........#
##....##..........#
#......#.....#....#
#..........@#ā‰ˆ...#
#.......)...>#..##
####.#######Nā‰ˆ###
##.# ##.## ####..###
##.# ##.......# #ā‰ˆ#
##........# ...
###........#.# .....
.#........###.#
...#N.N


You could see a salamander (unable to see you).


Message History

The salamander tyrant gazes fiercely through you!
You feel your attacks grow feeble.
A salamander comes into view. It is wielding a +0 halberd.
The salamander tyrant rends the earth beneath you!
The blast of magma engulfs you!!
* * * LOW HITPOINT WARNING * * *
You are too injured to fight recklessly!
You are too injured to fight recklessly!
Why would you want to do that?
The salamander tyrant gazes fiercely through you!
You feel as though you will be weak longer.
The salamander tyrant rends the earth beneath you!
The blast of magma engulfs you!!!
* * * LOW HITPOINT WARNING * * *
There is an escape hatch in the floor here.
Why would you want to do that?
Unknown command.
As you read the scroll of fear, it crumbles to dust.
You assume a fearsome visage.
The salamander tyrant looks frightened!
The salamander looks frightened!
The salamander resists with some effort.
The salamander looks frightened!
The salamander completely misses you.
You fade into invisibility!
A salamander comes into view.
You block the salamander's attack.
The salamander hits you from afar with a +0 halberd.
* * * LOW HITPOINT WARNING * * *
You are engulfed in flames!
You die...
Your body crumbles into a pile of gold.

Skill      XL: |  1  2  3  4  5  6  7  8  9 10 11 12 13 14 15 16 |
---------------+-------------------------------------------------+-----
Polearms       | 3 4 5 6 7 9 11 12 13 | 13.8
Dodging        | 3 5 7 |  7.2
Fighting       | 5 7 9 11 12 | 12.5
Armour         | 5 7 8 |  8.3
Evocations     | 5 9 11 | 11.2
Necromancy     | 7 10 15 | 15.6
Spellcasting   | 5 6 |  6.8
Transmutations | 3 |  3.0
Shields        | 2 5 |  5.2
Throwing       | |  1.7

Action                     |  1- 3 |  4- 6 |  7- 9 | 10-12 | 13-15 | 16-18 || total
---------------------------+-------+-------+-------+-------+-------+-------++-------
  Melee: Trident           |   109 |   145 |   507 |   930 |  2040 |   171 ||  3902
         Punch             |     1 |     3 |     6 |    13 |    27 |       ||    50
  Throw: Throwing net      |       |       |     1 |       |       |       ||     1
   Cast: Wereblood         |       |       |       |       |     2 |       ||     2
         Dispel Undead     |       |       |       |       |    13 |       ||    13
         Death Channel     |       |       |       |       |     8 |     5 ||    13
 Invoke: Call Merchant     |       |       |       |     1 |     4 |       ||     5
  Evoke: Wand              |       |     3 |     4 |     6 |    16 |     5 ||    34
    Use: Scroll            |     3 |    10 |    12 |     8 |    13 |     2 ||    48
         Potion            |       |     5 |     4 |    12 |     8 |     2 ||    31
   Stab: Sleeping          |     3 |    10 |     5 |     3 |    14 |     5 ||    40
         Distracted        |       |     2 |     3 |     6 |    12 |     1 ||    24
         Invisible         |       |       |       |     2 |    20 |       ||    22
         Paralysed         |       |       |       |     6 |    12 |     4 ||    22
         Petrified         |       |       |       |       |     2 |       ||     2
 Armour: Leather armour    |    41 |    36 |    88 |    50 |       |       ||   215
         Chain mail        |       |       |       |    47 |    59 |       ||   106
         Animal skin       |       |       |       |       |    84 |     9 ||    93
  Dodge: Dodged            |    55 |    37 |   187 |   574 |   808 |    79 ||  1740
  Block: Other             |       |       |       |       |    61 |       ||    61
         Reflection        |       |       |       |       |     8 |       ||     8
         Buckler           |       |       |       |       |    17 |    49 ||    66

Levels and vault maps discovered:
D:1:      minmay_arrival_loop, layout_basic
D:2:      layout_loops_cross, grunt_ministairs_15, nicolae_shop_unique_rings,
          serial_bayou_lagoon_b, uniq_robin
D:3:      layout_basic, general_overflow_altar, nicolae_ecumenical_oubliette,
          minmay_misc_feat_x
D:4:      layout_basic, minmay_snake_closets, uniq_ijyb
D:5:      lemuel_castle_with_subvaults [lemuel_castle_interior_carwin_1],
          layout_loops_ring
D:6:      layout_basic, lemuel_doored_altar,
          nicolae_overflow_hallway_of_the_gods
D:7:      layout_cave_pools, tgw_sif, worldfamousw_hep_ancestral_shrine,
          minmay_temple_entry_nine_rooms
D:8:      layout_layer_cave, lemuel_coloured_pillars_altar, serial_ice,
          serial_ice_d, serial_ice_l, serial_ice_b, serial_ice_n
D:9:      minmay_flawed_box, layout_layer_cave,
          hangedman_abyss_or_decor_stagger, nicolae_two_hexagons
D:10:     layout_roguey, nzn_wu_jian_council_hall,
          mainiacjoe_overflow_six_doors_small, minmay_lair_entry_grove,
          gammafunk_ghost_abyssal_escape, serial_bayou_ford_a
D:11:     layout_rooms, portal_ice_cave_demonic_guard
D:12:     layout_loops_ring, david_orc_3, nicolae_water_bricks,
          serial_park_tiny_2
D:13:     layout_loops_cross, grunt_vaults_entry_fortified,
          hangedman_tell_no_tales
D:14:     layout_rooms, serial_park_square1 [serial_park_minivault_5x5_5],
          blue_anna_alchemist
D:15:     gammafunk_enter_depths_forms, layout_basic, grunt_decor_cap,
          fungi_pond_lemuel, grunt_ministairs_10
Temple:   eino_wide_crystal_templ
Lair:1:   layout_small_grid
Lair:2:   layout_chaotic_city, elwin_shoals_entry_stream,
          minmay_snake_entry_six_corridors, grunt_megastairs_4, uniq_nergalle
Lair:3:   layout_gridlike, gammafunk_ghost_necromancy, uniq_fannar
Lair:4:   layout_cave_pods, nicolae_slime_entry_field_trip, basic_altar,
          kennysheep_abandoned_house, lemuel_fruit_fields
Lair:5:   evilmike_catoblepas_cave, layout_big_grid,
          hellmonk_guarded_unrand_zhor
Snake:1:  layout_rooms, nicolae_snake_herptile_family_reunion,
          serial_bayou_shore_b, uniq_agnes
Snake:2:  layout_chambers, serial_bayou_pond_b, uniq_louise
Orc:1:    layout_caves
Orc:2:    grunt_orc_community_town_hall, layout_caves,
          grunt_orc_community_big_house_1, grunt_orc_community_big_house_2,
          grunt_orc_community_house_1, grunt_orc_community_house_2,
          grunt_orc_community_house_1, grunt_orc_community_house_2,
          grunt_orc_community_house_3, serial_shops, shop

Notes
Turn   | Place    | Note
-------+----------+-------------------------------------------
     0 | D:1      | demibob the Demonspawn Gladiator began the quest for the
                  | Orb.
     0 | D:1      | Reached XP level 1. HP: 16/16 MP: 1/1
    70 | D:1      | Reached skill level 3 in Polearms
   148 | D:1      | Gained mutation: You are partially covered in sharp spines.
                  | [demonic ancestry]
   148 | D:1      | Reached XP level 2. HP: 22/22 MP: 2/2
   630 | D:1      | Gained mutation: You have sharp fingernails. [demonic
                  | ancestry]
   630 | D:1      | Reached XP level 3. HP: 27/27 MP: 3/3
   799 | D:2      | Noticed Robin
   816 | D:2      | Reached skill level 4 in Polearms
   823 | D:2      | Killed Robin
   982 | D:2      | Identified the +0 cloak of Love and Death {Stlth+}
  1189 | D:2      | Found Unugyz Xiru's One-of-a-Kind Rings.
  1330 | D:2      | Gained mutation: You are partially covered in rugged brown
                  | scales. (AC +1, +3% HP) [demonic ancestry]
  1330 | D:2      | Reached XP level 4. HP: 27/33 MP: 4/4
  1691 | D:3      | Reached skill level 5 in Polearms
  1734 | D:3      | Found a faded altar of an unknown god.
  1822 | D:3      | Reached XP level 5. HP: 33/39 MP: 5/5
  2371 | D:3      | Found a hide-covered altar of Uskayaw.
  2682 | D:4      | Noticed Ijyb
  2694 | D:4      | Killed Ijyb
  2695 | D:4      | Reached skill level 6 in Polearms
  2956 | D:4      | Noticed an ogre
  2998 | D:4      | Gained mutation: You have very sharp fingernails. [demonic
                  | ancestry]
  2998 | D:4      | Reached XP level 6. HP: 42/45 MP: 6/6
  3117 | D:4      | Reached skill level 7 in Polearms
  3240 | D:4      | Gained mutation: Spells you cast may paralyse adjacent
                  | enemies. [demonic ancestry]
  3240 | D:4      | Reached XP level 7. HP: 45/51 MP: 7/7
  3475 | D:5      | Entered Level 5 of the Dungeon
  4091 | D:5      | Reached skill level 8 in Polearms
  4386 | D:5      | Reached skill level 9 in Polearms
  4386 | D:5      | Reached XP level 8. HP: 19/57 MP: 4/8
  4788 | D:5      | Reached skill level 10 in Polearms
  4910 | D:6      | Found a sparkling altar of Nemelex Xobeh.
  5367 | D:6      | Found a burning altar of Makhleb.
  5375 | D:6      | Found a shimmering altar of Xom.
  5378 | D:6      | Found a radiant altar of Vehumet.
  5378 | D:6      | Found a broken altar of Ashenzari.
  5385 | D:6      | Found a snail-covered altar of Cheibriados.
  5713 | D:7      | Reached skill level 11 in Polearms
  5713 | D:7      | Reached skill level 3 in Dodging
  5713 | D:7      | Reached XP level 9. HP: 56/63 MP: 9/9
  5895 | D:7      | You fall into a shaft and drop 1 floor!
  5895 | D:8      | Found a sacrificial altar of Ru.
  5956 | D:7      | Reached skill level 3 in Fighting
  6259 | D:7      | Found a hazy altar of Hepliaklqana.
  6290 | D:7      | Found a shimmering blue altar of Sif Muna.
  6567 | D:7      | Found a staircase to the Ecumenical Temple.
  6746 | Temple   | Entered the Ecumenical Temple
  6752 | Temple   | Became a worshipper of Gozag Ym Sagoz the Greedy
  6819 | D:8      | Reached skill level 4 in Dodging
  6958 | D:8      | Reached skill level 4 in Fighting
  7159 | D:8      | Noticed a polar bear
  7175 | D:8      | Killed a polar bear
  7235 | D:8      | Reached skill level 5 in Fighting
  7235 | D:8      | Reached skill level 5 in Dodging
  8200 | D:9      | Reached XP level 10. HP: 67/76 MP: 8/10
  8712 | D:9      | Noticed a two-headed ogre
  8728 | D:9      | Killed a two-headed ogre
  8729 | D:9      | Reached skill level 6 in Fighting
  8729 | D:9      | Reached skill level 12 in Polearms
  8729 | D:9      | Reached skill level 6 in Dodging
  9327 | D:9      | Identified the +0 quarterstaff of Division {pain, Str+3}
  9645 | D:2      | Bought a +8 ring of evasion for 858 gold pieces
  9773 | D:10     | Entered Level 10 of the Dungeon
  9807 | D:10     | Found an ancient bone altar of Kikubaaqudgha.
  9857 | D:10     | Found a transporter.
  9860 | D:10     | Found a transporter.
  9955 | D:10     | Reached skill level 7 in Fighting
  9969 | D:10     | Reached skill level 7 in Dodging
 10291 | D:10     | Found a staircase to the Lair.
 10399 | D:10     | Gained mutation: You are mostly covered in rugged brown
                  | scales. (AC +2, +5% HP) [demonic ancestry]
 10399 | D:10     | Reached XP level 11. HP: 79/88 MP: 11/11
 10595 | D:10     | Found an ornate altar of the Wu Jian Council.
 10655 | D:10     | Reached skill level 1 in Armour
 10657 | D:10     | Noticed epsilonplus's ghost (novice TeRe)
 10679 | D:10     | Found a one-way gate to the infinite horrors of the Abyss.
 10939 | D:10     | Identified 2 potions of resistance
 10999 | Lair:1   | Entered Level 1 of the Lair of Beasts
 11222 | Lair:1   | Reached skill level 8 in Fighting
 11222 | Lair:1   | Reached skill level 2 in Armour
 11387 | Lair:1   | Reached skill level 13 in Polearms
 11630 | Lair:1   | Reached skill level 3 in Armour
 12319 | Lair:2   | Found a staircase to the Shoals.
 12378 | Lair:2   | Reached skill level 4 in Armour
 12390 | Lair:2   | Reached skill level 9 in Fighting
 12543 | Lair:2   | Noticed a six-headed hydra
 12559 | Lair:2   | Killed a six-headed hydra
 12780 | Lair:2   | Found a staircase to the Snake Pit.
 12787 | Lair:2   | Reached skill level 5 in Armour
 12804 | Lair:2   | Gained mutation: You are completely covered in rugged brown
                  | scales. (AC +3, +7% HP) [demonic ancestry]
 12804 | Lair:2   | Reached XP level 12. HP: 49/102 MP: 7/12
 12830 | Lair:2   | Noticed Nergalle
 12851 | Lair:2   | Killed Nergalle
 13525 | D:10     | Bought a pitted chain mail for 228 gold pieces
 13525 | D:10     | Identified the +0 chain mail "Bygrac" {rC+ Slay+2 SInv}
                  | (You bought it in a shop on level 10 of the Dungeon)
 13565 | Lair:2   | Reached skill level 1 in Evocations
 13601 | Lair:3   | You fall into a shaft and drop 1 floor!
 13662 | Lair:4   | Reached skill level 10 in Fighting
 13728 | Lair:4   | Reached skill level 2 in Evocations
 13750 | Lair:4   | Reached skill level 6 in Armour
 13779 | Lair:4   | Noticed a death yak
 13796 | Lair:4   | Killed a death yak
 13797 | Lair:4   | Reached skill level 3 in Evocations
 14144 | Lair:3   | Reached skill level 4 in Evocations
 14309 | Lair:3   | Noticed Fannar
 14461 | Lair:3   | Killed Fannar
 14652 | Lair:3   | Found a runed translucent gate.
 14652 | Lair:3   | Found a runed translucent gate.
 14652 | Lair:3   | Found a runed translucent gate.
 14827 | Lair:3   | Noticed jasper's ghost (journeyman DECj)
 14935 | Lair:4   | Reached skill level 7 in Armour
 14991 | Lair:4   | Found a staircase to the Slime Pits.
 15060 | Lair:4   | Reached skill level 11 in Fighting
 15165 | Lair:4   | Identified a scroll of acquirement
 15165 | Lair:4   | Acquired 470 gold pieces
 15194 | Lair:4   | Reached skill level 5 in Evocations
 15544 | Lair:4   | Found a stormy altar of Qazlal.
 16133 | Lair:5   | Entered Level 5 of the Lair of Beasts
 16218 | Lair:5   | Gained mutation: You have claws for hands. [demonic
                  | ancestry]
 16218 | Lair:5   | Reached XP level 13. HP: 113/113 MP: 13/13
 16457 | D:10     | Bought a polished chain mail for 228 gold pieces
 16457 | D:10     | Identified the +1 chain mail "Ceosof" {*Corrode Dex+5} (You
                  | bought it in a shop on level 10 of the Dungeon)
 17020 | D:11     | Reached skill level 6 in Evocations
 17271 | D:12     | Reached skill level 8 in Armour
 17665 | D:12     | Found a staircase to the Orcish Mines.
 18731 | Lair:5   | Reached skill level 1 in Necromancy
 18740 | Lair:5   | Reached skill level 7 in Evocations
 18798 | Lair:5   | Reached skill level 2 in Necromancy
 18837 | Lair:4   | Reached skill level 3 in Necromancy
 19142 | Lair:5   | Reached skill level 4 in Necromancy
 19234 | Lair:5   | Reached skill level 8 in Evocations
 19279 | Lair:5   | Found the +4 skin of Zhor {*Englaciate rC+++ SInv}
 19451 | Lair:5   | Reached skill level 5 in Necromancy
 19732 | Lair:5   | Reached skill level 6 in Necromancy
 19743 | Lair:5   | Reached skill level 9 in Evocations
 20257 | Lair:5   | Reached skill level 7 in Necromancy
 20257 | Lair:5   | Gained mutation: Spells you cast may paralyse nearby
                  | enemies. [demonic ancestry]
 20257 | Lair:5   | Reached XP level 14. HP: 99/121 MP: 11/14
 20326 | Lair:5   | Reached skill level 10 in Evocations
 20470 | Lair:5   | Reached skill level 8 in Necromancy
 21024 | Orc:1    | Entered Level 1 of the Orcish Mines
 21178 | Orc:1    | Learned a level 2 spell: Wereblood
 21556 | Orc:1    | Reached skill level 1 in Spellcasting
 21560 | Orc:1    | Reached skill level 1 in Transmutations
 21899 | Orc:2    | Entered Level 2 of the Orcish Mines
 21899 | Orc:2    | Found Gudot's General Store.
 22267 | Orc:2    | Found a staircase to the Elven Halls.
 22480 | Orc:2    | Found Isoo's Antique Weapon Boutique.
 22730 | Orc:2    | Reached skill level 2 in Spellcasting
 22810 | Orc:2    | Found Egoemi's Book Emporium.
 22827 | Orc:2    | Reached skill level 2 in Transmutations
 22977 | Orc:2    | Noticed an orc warlord
 23013 | Orc:2    | Killed an orc warlord
 23014 | Orc:2    | Reached skill level 11 in Evocations
 23428 | Orc:2    | Found Vueq's Antique Weapon Boutique.
 23434 | Orc:2    | Found Zuwkic's Antique Armour Shop.
 23569 | Orc:2    | Reached skill level 3 in Spellcasting
 23586 | D:12     | Bought an amulet of reflection for 450 gold pieces
 23655 | D:13     | Reached skill level 3 in Transmutations
 24373 | D:13     | Reached skill level 4 in Spellcasting
 24518 | D:13     | Reached skill level 9 in Necromancy
 24871 | D:13     | Identified the ring "Moas" {rElec rC++ Int+6}
 24888 | D:13     | Paralysed by an ogre mage for 4 turns
 25222 | D:13     | Reached skill level 5 in Spellcasting
 25260 | D:13     | Found a gate to the Vaults.
 25798 | D:13     | Learned a level 4 spell: Dispel Undead
 25805 | D:13     | Learned a level 6 spell: Death Channel
 25876 | D:14     | Reached skill level 10 in Necromancy
 25890 | D:14     | Gained mutation: You are mostly covered in sharp spines.
                  | [demonic ancestry]
 25890 | D:14     | Reached XP level 15. HP: 81/128 MP: 23/23
 26432 | D:14     | Reached skill level 6 in Spellcasting
 27056 | D:14     | Reached skill level 11 in Necromancy
 27319 | D:14     | Identified the +9 long sword "Basmix" {speed, rC- rN+ Int+3
                  | Dex+5}
 27738 | D:15     | Entered Level 15 of the Dungeon
 28006 | D:15     | Got the Writings on Kindled Transition
 28121 | D:15     | Reached skill level 12 in Necromancy
 28544 | D:15     | Identified the +6 rapier of Blood-Lust {flame, rPois rN+
                  | Int-5}
 28993 | D:15     | Reached skill level 13 in Necromancy
 29251 | D:15     | Found a staircase to the Depths.
 29506 | Snake:1  | Entered Level 1 of the Snake Pit
 29526 | Snake:1  | Reached skill level 14 in Necromancy
 29873 | Snake:1  | Noticed Agnes
 29919 | Snake:1  | Killed Agnes
 29920 | Snake:1  | Reached skill level 15 in Necromancy
 30325 | Snake:1  | Reached skill level 1 in Shields
 30630 | Snake:1  | Reached skill level 2 in Shields
 30659 | Snake:1  | Gained mutation: Spells you cast and wands you use may
                  | paralyse nearby enemies. [demonic ancestry]
 30659 | Snake:1  | Reached XP level 16. HP: 135/135 MP: 21/26
 30669 | Snake:1  | Reached skill level 3 in Shields
 30688 | Snake:1  | Reached skill level 4 in Shields
 30985 | Snake:1  | Reached skill level 5 in Shields
 31614 | Snake:2  | Reached skill level 12 in Fighting
 32010 | Snake:2  | Noticed Louise
 32015 | Snake:2  | Killed Louise
 32946 | Snake:2  | HP: 11/135 [salamander tyrant (46)]
 32949 | Snake:2  | Slain by a salamander

Vanquished Creatures
  Agnes (Snake:1)
  Louise (Snake:2)
  A fire dragon (D:15)
  5 vault guards (D:13)
  A great orb of eyes (D:15)
  4 hydras
  Fannar (Lair:3)
  A death knight (D:15)
  5 catoblepae
  4 anacondas
  5 centaur warriors
  An ogre mage (D:13)
  An anaconda (shapeshifter) (D:15)
  An alligator snapping turtle (Snake:1)
  7 death yaks
  2 boulder beetles
  2 two-headed ogres
  2 orc high priests (Orc:2)
  3 shock serpents
  A naga sharpshooter (Snake:2)
  Nergalle (Lair:2)
  A skyshark (Lair:4)
  5 skeletal warriors
  A sea snake (Snake:1)
  A naga ritualist (Snake:1)
  5 orc knights
  A wizard (D:14)
  2 deep elf pyromancers (D:15)
  2 mana vipers
  25 ugly things
  4 orc sorcerers
  3 merfolk sirens (Lair:2)
  2 cyclopes (D:14)
  24 black mambas
  2 manticores (Lair:5)
  4 salamanders (Snake:2)
  A guardian serpent (Snake:1)
  3 naga magi
  2 torpor snails (Lair:5)
  5 elephants (Lair:4)
  An unseen horror (D:13)
  2 gargoyles
  14 cane toads
  A rime drake (shapeshifter) (D:13)
  4 yaktaurs (D:15)
  9 rime drakes
  2 ice devils (D:11)
  7 komodo dragons
  3 efreet
  3 polar bears
  A merfolk (Lair:2)
  2 trolls
  A hornet (D:9)
  A dream sheep (shapeshifter) (D:15)
  11 blink frogs (Lair:5)
  10 dream sheep
  A culicivora (shapeshifter) (D:14)
  A shadow (D:11)
  11 slime creatures
  3 wraiths
  35 yaks
  A water elemental (D:15)
  3 wyverns
  10 basilisks
  2 steam dragons
  12 vampire mosquitoes
  3 acid dragons
  3 nagas
  5 wargs
  23 water moccasins
  37 orc warriors
  A sky beast (D:7)
  A meliai simulacrum (D:15)
  2 ice beasts
  10 ogres
  2 black bears (D:5)
  12 wolves
  21 centaurs
  6 kobold brigands
  14 bullfrogs
  2 gnoll sergeants
  A scorpion (D:4)
  11 wights
  9 killer bees (D:10)
  A killer bee (shapeshifter) (D:10)
  A troll skeleton (D:13)
  6 electric eels
  5 spriggan skeletons (D:13)
  3 howler monkeys
  4 gnoll boudas
  3 hounds
  6 jellies
  27 orc priests
  2 sleepcaps
  37 orc wizards
  Ijyb (D:4)
  4 hell rats (Lair:4)
  2 centaur simulacra
  Robin (D:2)
  40 gnolls
  14 adders
  8 river rats (Lair:4)
  A shadow imp (D:7)
  A white imp (D:5)
  A worm (D:3)
  4 dart slugs
  106 orcs
  11 ball pythons
  6 endoplasms
  2 giant cockroaches
  11 goblins
  9 hobgoblins
  18 jackals
  26 kobolds
  5 quokkas
  6 bats (D:1)
  2 frilled lizards
  11 rats
842 creatures vanquished.

Vanquished Creatures (collateral kills)
  An orc warlord (Orc:2)
  A hydra (Snake:1)
  An anaconda (Snake:2)
  An alligator snapping turtle (Snake:1)
  An alligator (Snake:1)
  A naga sharpshooter (Snake:1)
  A salamander mystic (Snake:2)
  2 goliath frogs (Snake:1)
  2 sea snakes
  2 naga ritualists
  4 mana vipers (Snake:1)
  An ugly thing (D:15)
  A salamander (Snake:1)
  6 black mambas
  A guardian serpent (Snake:1)
  A snapping turtle (Snake:1)
  A warg (D:15)
  10 nagas (Snake:1)
  4 orc warriors (Orc:2)
  A centaur (D:15)
  2 electric eels
  2 orc wizards (Orc:2)
  3 orcs
50 creatures vanquished.

Vanquished Creatures (others)
  A hydra (D:15)
  A dream sheep (Lair:5)
  An orc wizard (Orc:2)
  An orc (Orc:1)
  25 fungi
  45 plants
74 creatures vanquished.

Grand Total: 966 creatures vanquished

Table legend: (Time is in decaauts)
 A = Elapsed time spent in this place.
 B = Non-inter-level travel time spent in this place.
 C = Inter-level travel time spent in this place.
 D = Time resting spent in this place.
 E = Time spent auto-exploring this place.
 F = Levels seen in this place.
 G = Mean time per level.
                   A        B        C        D        E       F      G
               +--------+--------+--------+--------+--------+-----+--------+
         Total |  31694 |  29862 |   1832 |   2173 |  22540 |  25 | 1267.8 |
       Dungeon |  18669 |  17444 |   1225 |   1322 |  13051 |  15 | 1244.6 |
        Temple |     12 |      6 |      6 |      0 |      1 |   1 |   12.0 |
          Lair |   7308 |   6843 |    465 |    585 |   5076 |   5 | 1461.6 |
     Snake Pit |   3331 |   3251 |     80 |     23 |   2776 |   2 | 1665.5 |
  Orcish Mines |   2372 |   2317 |     55 |    242 |   1635 |   2 | 1186.0 |
               +--------+--------+--------+--------+--------+-----+--------+

Top non-repeatable levels by time:
    D:13: 2616 daAuts
  Lair:5: 2042 daAuts
 Snake:1: 1926 daAuts
  Lair:4: 1711 daAuts
   Orc:2: 1558 daAuts
     D:8: 1513 daAuts
    D:15: 1494 daAuts
    D:10: 1486 daAuts
 Snake:2: 1404 daAuts
     D:5: 1361 daAuts
    D:14: 1328 daAuts
  Lair:2: 1306 daAuts
     D:9: 1303 daAuts
    D:12: 1284 daAuts
  Lair:1: 1169 daAuts

Table legend:
 A = Non-vault XP
 B = Vault XP
 C = Vault XP percentage of total XP
 D = Non-vault monster count
 E = Vault monster count
 F = Vault count percentage of total count
                 A         B        C        D         E       F
            +---------+---------+-------+---------+---------+-------
      Total |  114788 |   63447 |  35.6 |     590 |     305 |  34.1
            +---------+---------+-------+---------+---------+-------
        D:1 |      42 |       0 |   0.0 |      26 |       0 |   0.0
        D:2 |      17 |      39 |  69.6 |       8 |      13 |  61.9
        D:3 |     208 |       0 |   0.0 |      21 |       0 |   0.0
        D:4 |     288 |     148 |  33.9 |      19 |      13 |  40.6
        D:5 |     510 |     797 |  61.0 |      11 |      55 |  83.3
        D:6 |     612 |       0 |   0.0 |       9 |       0 |   0.0
        D:7 |    1025 |      35 |   3.3 |      29 |       1 |   3.3
        D:8 |    1285 |     474 |  26.9 |      26 |       3 |  10.3
        D:9 |    2061 |     277 |  11.8 |      26 |       8 |  23.5
       D:10 |    2285 |    2241 |  49.5 |      38 |      12 |  24.0
       D:11 |    1227 |     702 |  36.4 |      14 |       2 |  12.5
       D:12 |    5089 |     362 |   6.6 |      24 |       8 |  25.0
       D:13 |    9316 |    7154 |  43.4 |      25 |      17 |  40.5
       D:14 |   12176 |     100 |   0.8 |      20 |       1 |   4.8
       D:15 |   14704 |    5953 |  28.8 |      44 |      10 |  18.5
     Lair:1 |    3667 |       0 |   0.0 |      16 |       0 |   0.0
     Lair:2 |    2363 |    5768 |  70.9 |      11 |      14 |  56.0
     Lair:3 |    3481 |     860 |  19.8 |      18 |       1 |   5.3
     Lair:4 |    8678 |    1193 |  12.1 |      26 |      21 |  44.7
     Lair:5 |   12569 |   14412 |  53.4 |      49 |      32 |  39.5
    Snake:1 |   15293 |   13510 |  46.9 |      37 |      19 |  33.9
    Snake:2 |   11376 |    2217 |  16.3 |      21 |       3 |  12.5
      Orc:1 |    5115 |       0 |   0.0 |      46 |       0 |   0.0
      Orc:2 |    1401 |    7205 |  83.7 |      26 |      72 |  73.5
            +---------+---------+-------+---------+---------+-------
